 Dungeon Crawl Stone Soup version 0.22.1-1-ga44c0e5 (webtiles) character file.

58 mandick the Sneak (level 3, -1/16 HPs)
             Began as a Spriggan Enchanter on Oct 1, 2018.
             Killed by divine providence
             ... invoked by an orc priest
              (14 damage)
             ... on level 2 of the Dungeon.
             The game lasted 00:11:11 (3360 turns).

mandick the Sneak (Spriggan Enchanter)              Turns: 3360, Time: 00:11:11

Health: -1/16      AC:  2    Str:  4    XL:     3   Next: 76%
Magic:  8/8        EV: 19    Int: 17    God:
Gold:   111        SH:  0    Dex: 16    Spells: 3/7 levels left

rFire    . . .     SeeInvis +   a - +1 dagger
rCold    . . .     Gourm    .   (shield restricted)
rNeg     . . .     Faith    .   b - +0 robe
rPois    .         Spirit   .   (helmet restricted)
rElec    .         Reflect  .   (no cloak)
rCorr    .         Harm     .   (gloves unavailable)
MR       .....                  (boots unavailable)
Stlth    +++.......             (no amulet)
HPRegen  0.05/turn              (no ring)
MPRegen  0.11/turn              (no ring)

@: very quick
A: very small, unfitting armour, see invisible, herbivore, speed 3, slow
metabolism 2
a: no special abilities


You were on level 2 of the Dungeon.
You were hungry.

You visited 1 branch of the dungeon, and saw 2 of its levels.

You collected 111 gold pieces.

Inventory:

Hand Weapons
 a - a +1 dagger (weapon)
Armour
 b - a +0 robe (worn)
Scrolls
 g - 3 scrolls of remove curse
 h - a scroll of teleportation
 i - a scroll of enchant weapon {unknown}
 j - a scroll of identify {unknown}
 l - a scroll of immolation {unknown}
Potions
 c - a potion of cancellation {unknown}
 e - 2 potions of brilliance {unknown}
 f - 4 potions of heal wounds {unknown}
 k - 3 potions of magic {unknown}
 m - a potion of curing {unknown}
 n - a potion of flight {unknown}
Comestibles
 d - a ration


   Skills:
 - Level 1.1 Short Blades
 + Level 4.2 Dodging
 + Level 5.6 Stealth
 - Level 2.6 Spellcasting
 + Level 4.4 Hexes


You had 3 spell levels left.
You knew the following spells:

 Your Spells              Type           Power        Failure   Level  Hunger
a - Corona                Hex            ###....      3%          1    #......
b - Confuse               Hex            ###.....     9%          3    ###....

Your spell library contained the following spells:

 Spells                   Type           Power        Failure   Level  Hunger
 Tukima's Dance           Hex            ###.....     9%          3    ###....
 Ensorcelled Hibernation  Hex/Ice        #.....       11%         2    ##.....
 Dazzling Spray           Conj/Hex       #.....       22%         3    ###....


Dungeon Overview and Level Annotations

Branches:
Dungeon (2/15)

Altars:

Annotations:
D:2 Robin


Innate Abilities, Weirdness & Mutations

You are very small and have problems with some larger weapons.
You are too small for most types of armour.
You have supernaturally acute eyesight. (SInv)
You are a herbivore.
You cover ground extremely quickly.
You need to consume almost no food.


Message History

You see here 2 stones.
There is an open door here.
There is an open door here.
There is an escape hatch in the ceiling here.
There is an open door here.
There is an open door here.
There is an open door here.
Found a stone staircase leading down.
Found a ring mail.
You see here a ring mail.
The orc priest is too close now for your liking.
An orc comes into view. It is wielding a trident.
An orc comes into view.
The orc priest mumbles some strange prayers to Beogh against you.
Pain shoots through your body!
The orc shouts!
The orc priest calls down the wrath of Beogh upon you.
Beogh smites you!
Ouch! That really hurt!
You die...

#.# #....#....# #.#
#....#....# #.#
#....#....# #.#
#....#....# #.#
#....#....#
#.#########....)....#
#..............)....####
###########.............
#.....@....#..#########
#......###.#..#
#o.....+......#
#......###....###
#o#....#........# #####
#o#.####.)....#.# #....
#o#.####......#.# #.###
# #...........#.# #.#<#
######......#.# #.#.#


You could see an orc priest and an orc (wandering).

Vanquished Creatures
  An adder (D:2)
  A worm (D:2)
  A dart slug (D:1)
  5 bats
  7 hobgoblins
  3 frilled lizards
  13 goblins
  5 kobolds
  8 rats
44 creatures vanquished.

Notes
Turn   | Place    | Note
-------+----------+-------------------------------------------
     0 | D:1      | mandick the Spriggan Enchanter began the quest for the Orb.
     0 | D:1      | Reached XP level 1. HP: 9/9 MP: 5/5
   263 | D:1      | Reached XP level 2. HP: 6/13 MP: 4/6
   762 | D:1      | Reached skill level 5 in Stealth
  1230 | D:2      | Reached XP level 3. HP: 13/16 MP: 6/8
  1280 | D:2      | Learned a level 3 spell: Confuse
  1768 | D:2      | Noticed Robin
  3360 | D:2      | Killed from afar by an orc priest

Skill      XL: |  1  2  3 |
---------------+----------+-----
Hexes          | 4 |  4.4
Stealth        | 5 |  5.6
Dodging        | 4 |  4.2
Short Blades   | |  1.1
Spellcasting   | |  2.6

Action                   || total
-------------------------++-------
Melee: Dagger            ||   177
 Cast: Corona            ||    18
       Confuse           ||    19
  Use: Scroll            ||     2
 Stab: Sleeping          ||     7
       Confused          ||     3
  Eat: Ration            ||     1
Armor: Robe              ||    13
Dodge: Dodged            ||   132
